Construct Infanterie Kompanie
Selects Luftwaffe Battlegroup
Construct Panzergrenadier Kompanie
Pak 40 Anti-tank Gun Team
Selects Fallschirmpioneer Squad Paradrop
Selects LG40 Recoilless Launcher Paradrop
Pak 40 Anti-tank Gun Team
Panzergrenadier Officer Quarters
Selects Infantry Reserves
Selects Stuka Strafing Run
Construct Panzer Kompanie
Selects Fallschirmjäger Squad Paradrop